 Dungeon Crawl Stone Soup version 0.29-a0-923-g6e406bff71 (webtiles) character file.

Game seed: 13533822080182022606

366 tsouns the Shooter (level 6, -6/30 HPs)
             Began as a Spriggan Hunter on July 27, 2022.
             Was a Priest of Kikubaaqudgha.
             Killed by divine providence
             ... invoked by an orc priest
              (16 damage)
             ... on level 5 of the Dungeon.
             The game lasted 00:08:18 (5138 turns).

tsouns the Shooter (Spriggan Hunter)                Turns: 5138, Time: 00:08:18

Health: -6/30      AC:  2    Str:  7    XL:     6   Next: 40%
Magic:  9/9        EV: 17    Int: 13    God:    Kikubaaqudgha [***...]
Gold:   3          SH:  0    Dex: 18    Spells: 6/8 levels left

rFire   + . .      SeeInvis +   a - +0 shortbow (freeze)
rCold   + . .      Faith    +   (shield currently unavailable)
rNeg    . . .      Spirit   .   c - +0 robe
rPois   .          Reflect  .   (helmet restricted)
rElec   .          Harm     .   o - scarf {rC+ rF+}
rCorr   .          Rampage  .   (gloves unavailable)
Will    +....                   (boots unavailable)
Stlth   ++........              r - amulet of faith
HPRegen 0.10/turn               (no ring)
MPRegen 0.11/turn               (no ring)

@: very quick
A: very small, no large weapons, unfitting armour, see invisible, speed 3
a: Renounce Religion, Unearth Wretches


You were on level 5 of the Dungeon.
You worshipped Kikubaaqudgha.
Kikubaaqudgha was most pleased with you.
You visited 1 branch of the dungeon, and saw 5 of its levels.

You collected 193 gold pieces.
You spent 190 gold pieces at shops.

Inventory:

Hand Weapons
 a - a +0 shortbow of freezing (weapon)
 e - a +0 spear
 n - a +0 whip of freezing
Missiles
 i - 2 poisoned darts
Armour
 c - a +0 robe (worn)
 o - a scarf of resistance (worn)
Jewellery
 d - a ring of flight
 f - an amulet of guardian spirit
 r - an amulet of faith (around neck)
Wands
 u - a wand of roots (13)
Scrolls
 b - a scroll of immolation
 k - 3 scrolls of teleportation
 t - 2 scrolls of amnesia
 w - a scroll of summoning
Potions
 g - 2 potions of attraction
 h - 4 potions of curing
 j - 3 potions of lignification
 l - a potion of haste {unknown}
 m - 2 potions of berserk rage {unknown}
 p - a potion of invisibility {unknown}
 q - 2 potions of brilliance {unknown}
 s - a potion of mutation {unknown}


   Skills:
 - Level 1.5 Fighting
 + Level 7.1 Ranged Weapons
 - Level 2.6 Dodging
 - Level 1.5 Stealth
 + Level 1.7 Spellcasting
 + Level 1.6 Hexes
 + Level 1.2 Necromancy


You had 6 spell levels left.
You knew the following spells:

 Your Spells              Type           Power      Damage    Failure   Level
a - Necrotise             Necr           16%        1d4       16%         1
b - Slow                  Hex            20%        N/A       13%         1

Your spell library contained the following spells:

 Spells                   Type           Power      Damage    Failure   Level
 Magic Dart               Conj           4%         1d3       26%         1
 Call Imp                 Summ           1%         N/A       36%         2
 Confusing Touch          Hex            5%         N/A       36%         3
 Vampiric Draining        Necr           4%         2d6       43%         3
 Mephitic Cloud           Conj/Pois/Air  1%         N/A       61%         3
 Anguish                  Hex/Necr       2%         N/A       82%         4
 Animate Dead             Necr           4%         N/A       85%         4
 Dispel Undead            Necr           4%         3d7       85%         4
 Corpse Rot               Necr/Pois/Air  2%         N/A       91%         4
 Agony                    Necr           4%         N/A       99%         5
 Borgnjor's Vile Clutch   Necr/Erth      1%         N/A       99%         5
 Death Channel            Necr           2%         N/A       100%        6


Dungeon Overview and Level Annotations

Branches:
Dungeon (5/15)
 Temple: D:4-7

Altars:
Elyvilon
Gozag
Kikubaaqudgha
Sif Muna
Uskayaw

Shops:
D:2 ?   D:4 ?

Annotations:
D:3 Ijyb


Innate Abilities, Weirdness & Mutations

You are very small and have problems with some larger weapons.
You are too small for most types of armour.
You have supernaturally acute eyesight. (SInv)
You cover ground extremely quickly. (Speed+++)


Message History

Aim: a gnoll, wielding a +0 club (wandering, hasn't noticed you, 68% to hit)
You shoot an arrow. The arrow barely misses the gnoll.
Unknown command.
Fire: a) +0 shortbow (freeze)
Press: ? - help, Q - select action, (/) - cycle Shift-Dir - straight line, f - you Really target yourself?
Okay, then.
Unknown command.
A gnoll is nearby!
You shoot an arrow. The arrow barely misses the gnoll.
You shoot an arrow. The arrow closely misses the gnoll.
You shoot an arrow. The arrow hits the gnoll!
The arrow freezes the gnoll.
You kill the gnoll!
Kikubaaqudgha accepts your kill.
No target in view!
Unknown command.
t - 2 scrolls of amnesia (gained 1)
Things that are here:
a +0 club; a gnoll corpse An orc priest is nearby!
You shoot an arrow. The arrow barely misses the orc priest.
The orc priest shouts!
You shoot an arrow. The arrow hits the orc priest!
The arrow freezes the orc priest.
The orc priest is severely wounded.
There is a stone staircase leading up here.
You shoot an arrow. The arrow barely misses the orc priest.
The orc priest invokes the aid of Beogh against you.
Beogh smites you!
You are too injured to fight recklessly!
You are too injured to fight recklessly!
Fire: a) +0 shortbow (freeze)
Press: ? - help, Q - select action, (/) - cycle Shift-Dir - straight line, f/p - orc priest
Aim: an orc priest, wielding a +0 falchion and wearing a +0 leather armour (severely wounded, 64% to hit)
You shoot an arrow. The arrow barely misses the orc priest.
The orc priest invokes the aid of Beogh against you.
Beogh smites you!
Ouch! That really hurt!
You die...
Kikubaaqudgha rasps: "You have failed me!
Welcome... death!"

#............#.# #.#
#.##########.#.# #.#
#.#..........#.# #.#
##.#.##########.###.# ########
#.............#.#...###.......
####.########.#.#.#........###
#>....................#####
#.##########.#<.).......g..
#.........@)....o..........
#######.#.##.#.#.......#...
#.#.##.#.........#$..
#.#.##'#######...# #.
#.#.#.....# #.#.# .
#.#.#.....# #.#.# #.#.#.....#
#.#.. #...#.....# #####.....#


You could see an orc priest.

Vanquished Creatures
  3 hounds
  3 iguanas
  An orc wizard (D:4)
  10 gnolls
  3 adders
  A dart slug (D:2)
  An orc (D:3)
  4 endoplasms
  3 goblins
  3 hobgoblins
  3 jackals (D:4)
  4 kobolds
  3 quokkas
  8 ball pythons
  5 bats
  6 frilled lizards
  5 rats
66 creatures vanquished.

Notes
Turn   | Place    | Note
-------+----------+-------------------------------------------
     0 | D:1      | tsouns the Spriggan Hunter began the quest for the Orb.
     0 | D:1      | Reached XP level 1. HP: 10/10 MP: 2/2
   115 | D:1      | Found a faded altar of an unknown god.
   129 | D:1      | Prayed at the altar of an unknown god.
   129 | D:1      | Became a worshipper of Kikubaaqudgha
   129 | D:1      | Reached * piety under Kikubaaqudgha
   129 | D:1      | Received a gift from Kikubaaqudgha
   247 | D:1      | Reached XP level 2. HP: 14/14 MP: 3/3
   370 | D:1      | Learned a level 1 spell: Necrotise
   989 | D:2      | Found Rekinakk's Magic Scroll Shop.
  1100 | D:2      | Reached ** piety under Kikubaaqudgha
  1288 | D:2      | Reached skill level 5 in Ranged Weapons
  1288 | D:2      | Reached XP level 3. HP: 14/18 MP: 4/4
  2104 | D:3      | Noticed Ijyb
  3117 | D:3      | Reached XP level 4. HP: 12/22 MP: 5/5
  3289 | D:3      | Reached skill level 6 in Ranged Weapons
  3767 | D:4      | Reached XP level 5. HP: 24/25 MP: 6/6
  3798 | D:4      | Found a hide-covered altar of Uskayaw.
  3798 | D:4      | Found a white marble altar of Elyvilon.
  3802 | D:4      | Found an opulent altar of Gozag.
  3802 | D:4      | Found a shimmering blue altar of Sif Muna.
  4021 | D:4      | Reached *** piety under Kikubaaqudgha
  4021 | D:4      | Received a gift from Kikubaaqudgha
  4024 | D:4      | Learned a level 1 spell: Slow
  4082 | D:4      | Reached skill level 7 in Ranged Weapons
  4347 | D:4      | Found Veocum's Magic Scroll Shoppe.
  4355 | D:4      | Bought a scroll of brand weapon for 95 gold pieces
  4355 | D:4      | Bought a scroll of summoning for 95 gold pieces
  4707 | D:5      | Entered Level 5 of the Dungeon
  4720 | D:4      | Reached skill level 1 in Spellcasting
  4720 | D:4      | Reached XP level 6. HP: 15/30 MP: 3/8
  4905 | D:5      | Reached skill level 1 in Hexes
  5035 | D:5      | Reached skill level 1 in Necromancy
  5138 | D:5      | Killed from afar by an orc priest

Illustrated notes

Levels and vault maps discovered:
D:1:      dpeg_arrival_simpleton_c, layout_basic,
          hellmonk_ecumenical_altar_inner_sanctum
D:2:      layout_basic, serial_shops, nicolae_shop_advertising_works
          [nicolae_subvault_shop_adworks]
D:3:      layout_basic, kennysheep_generic_room_14, uniq_ijyb
D:4:      layout_cave_pods, grunt_temple_overflow_open, serial_shops, shop
D:5:      layout_basic

Skill      XL: |  1  2  3  4  5  6 |
---------------+-------------------+-----
Ranged Weapons | 5 6 7 |  7.1
Spellcasting   | 1 |  1.7
Hexes          | 1 |  1.6
Necromancy     | 1 |  1.2
Fighting       | |  1.5
Dodging        | |  2.6
Stealth        | |  1.5

Action                   |  1- 3 |  4- 6 || total
-------------------------+-------+-------++-------
 Fire: Shortbow          |   109 |   105 ||   214
Throw: Dart              |     2 |       ||     2
 Cast: Necrotise         |     9 |     9 ||    18
  Use: Scroll            |       |    11 ||    11
Armor: Robe              |     4 |     2 ||     6
Dodge: Dodged            |    35 |    29 ||    64

Table legend: (Time is in decaauts)
 A = Elapsed time spent in this place.
 B = Non-inter-level travel time spent in this place.
 C = Inter-level travel time spent in this place.
 D = Time resting spent in this place.
 E = Time spent auto-exploring this place.
 F = Levels seen in this place.
 G = Mean time per level.
                   A        B        C        D        E       F      G
               +--------+--------+--------+--------+--------+-----+--------+
         Total |   3816 |   3701 |    115 |    119 |   2992 |   5 |  763.2 |
       Dungeon |   3816 |   3701 |    115 |    119 |   2992 |   5 |  763.2 |
               +--------+--------+--------+--------+--------+-----+--------+

Top non-repeatable levels by time:
     D:3: 1548 daAuts
     D:4: 922 daAuts
     D:1: 635 daAuts
     D:2: 520 daAuts
     D:5: 189 daAuts
